 Dungeon Crawl Stone Soup version 0.27.1 (webtiles) character file.

Game seed: 13180460138083033885

67 ZARRMARR the Vexing (level 3, -6/19 HPs)
             Began as a Deep Elf Enchanter on Aug 31, 2021.
             Mangled by a scorpion (7 damage)
             ... on level 3 of the Dungeon.
             The game lasted 00:13:11 (4978 turns).

ZARRMARR the Vexing (Deep Elf Enchanter)            Turns: 4978, Time: 00:13:12

Health: -6/19      AC:  2    Str:  5    XL:     3   Next: 98%
Magic:  28/28      EV: 13    Int: 20    God:
Gold:   67         SH:  0    Dex: 15    Spells: 7/10 levels left

rFire    . . .     SeeInvis .   a - +1 dagger
rCold    . . .     Faith    .   (no shield)
rNeg     . . .     Spirit   .   b - +0 robe
rPois    .         Reflect  .   (no helmet)
rElec    .         Harm     .   (no cloak)
rCorr    .         Rampage  .   (no gloves)
Will     .....                  (no boots)
Stlth    ++........             (no amulet)
HPRegen  0.06/turn              e - ring of magical power
MPRegen  0.21/turn              i - ring of magical power

@: lethally poisoned (-6 -> -12)
A: no striking features
a: no special abilities


You were on level 3 of the Dungeon.
You visited 1 branch of the dungeon, and saw 3 of its levels.

You collected 67 gold pieces.

Inventory:

Hand Weapons
 a - a +1 dagger (weapon)
Armour
 b - a +0 robe (worn)
Jewellery
 d - a ring of ice
 e - a ring of magical power (left hand)
 i - a ring of magical power (right hand)
Potions
 c - 4 potions of ambrosia {unknown}
 f - a potion of flight {unknown}


   Skills:
 - Level 1.0 Short Blades
 * Level 3.1 Dodging
 - Level 3.6 Stealth
 * Level 4.2 Spellcasting
 * Level 5.3 Hexes


You had 7 spell levels left.
You knew the following spells:

 Your Spells              Type           Power      Damage    Failure   Level
a - Corona                Hex            27%        N/A       1%          1
b - Ensorcelled Hibernat  Hex/Ice        28%        N/A       6%          2

Your spell library contained the following spells:

 Spells                   Type           Power      Damage    Failure   Level
 Confusing Touch          Hex            25%        N/A       4%          3
 Tukima's Dance           Hex            25%        N/A       4%          3
 Dazzling Flash           Conj/Hex       28%        N/A       13%         3
 Gell's Gravitas          Tloc           2%         N/A       36%         3
 Lesser Beckoning         Tloc           2%         N/A       36%         3
 Teleport Other           Tloc           4%         N/A       36%         3


Dungeon Overview and Level Annotations

Branches:
Dungeon (3/15)

Altars:

Shops:
D:2 *


Message History

Things that are here:
a +0 club; a kobold corpse Magic restored.
HP restored.
f - a metallic green potion A scorpion comes into view.
A scorpion is nearby!
Casting: Ensorcelled Hibernation (safe; 6% risk of failure)
Confirm with . or Enter, or press ? or * to list all spells.
Aiming: Corona (safe; 1% risk of failure)
Press: ? - help, Shift-Dir - straight line, f - scorpion
Aim: a scorpion (chance to affect: 65%)
The scorpion is outlined in light.
Hit: a) +1 dagger
Press: ? - help, Dir - move target, f/p - scorpion
Aim: a scorpion (softly glowing, about 19% to evade your +1 dagger)
Okay, then.
Unknown command.
Unknown command.
You barely miss the scorpion. The scorpion completely misses you.
The scorpion closely misses you.
You hit the scorpion.
The scorpion is lightly wounded.
The scorpion stings you!
You are lethally poisoned!
The scorpion poisons you!
You barely miss the scorpion.
The scorpion is lightly wounded.
You feel very sick. The scorpion stings you.
* * * LOW HITPOINT WARNING * * *
You hit the scorpion but do no damage.
The scorpion is lightly wounded.
* * * LOW HITPOINT WARNING * * *
You feel sick. The scorpion barely misses you.
You hit the scorpion.
The scorpion is lightly wounded.
* * * LOW HITPOINT WARNING * * *
You feel sick. The scorpion stings you!
You die...

.. #.... ... #....
###.. #.... #....
##...# #.... ####.....
###.... ........# #
#...... #...s#
#.#####.#.... #@##
#............ #..#
####....>....
##.#####..........
#.##.............
####................
...........###.........
...####....# #.........
#....# #.........
#....# #.........


You could see a scorpion (corona).

Vanquished Creatures
  An adder (D:2)
  A worm (D:2)
  A dart slug (D:1)
  3 ball pythons
  3 bats
  6 endoplasms
  2 giant cockroaches
  7 goblins
  3 hobgoblins
  3 jackals (D:2)
  4 quokkas
  5 kobolds
  6 rats (D:1)
45 creatures vanquished.

Notes
Turn   | Place    | Note
-------+----------+-------------------------------------------
     0 | D:1      | ZARRMARR the Deep Elf Enchanter began the quest for the
                  | Orb.
     0 | D:1      | Reached XP level 1. HP: 10/10 MP: 6/6
   658 | D:1      | Reached XP level 2. HP: 14/15 MP: 8/8
   789 | D:1      | Learned a level 2 spell: Ensorcelled Hibernation
  1100 | D:1      | Found a faded altar of an unknown god.
  2993 | D:2      | Reached skill level 5 in Hexes
  2993 | D:2      | Reached XP level 3. HP: 19/19 MP: 10/10
  3853 | D:2      | Found Dufinais's Assorted Antiques.
  4969 | D:3      | Noticed a scorpion
  4978 | D:3      | Mangled by a scorpion

Illustrated notes

Levels and vault maps discovered:
D:1:      minmay_arrival_wavy_path, layout_basic,
          ebering_ecumenical_altar_sacrificial
D:2:      layout_loops_ring, serial_shops, shop, serial_glass, glass_columns_a,
          glass_columns_b, glass_columns_a, glass_columns_b, glass_columns_c,
          glass_columns_a, chequers_mini_garden, minmay_liquid_box
D:3:      layout_rooms, general_overflow_altar, roderic_roman_lattice

Skill      XL: |  1  2  3 |
---------------+----------+-----
Hexes          | 5 |  5.3
Dodging        | 3 |  3.1
Spellcasting   | 4 |  4.2
Short Blades   | |  1.0
Stealth        | |  3.6

Action                   || total
-------------------------++-------
Melee: Dagger            ||   171
 Cast: Corona            ||    10
       Ensorcelled Hiber ||    21
  Use: Scroll            ||     4
 Stab: Sleeping          ||    19
Armor: Robe              ||    21
Dodge: Dodged            ||    96
